 Dungeon Crawl Stone Soup version 0.23-a0-8-gb809bb70e4 (webtiles) character file.

3742 Mirvelgyr the Cleaver (level 9, -3/82 HPs)
             Began as a Minotaur Berserker on Aug 1, 2018.
             Was an Elder of Trog.
             Slain by a two-headed ogre
             ... wielding a +0 giant spiked club
              (7 damage)
             ... on level 8 of the Dungeon.
             The game lasted 00:07:16 (5539 turns).

Mirvelgyr the Cleaver (Minotaur Berserker)          Turns: 5539, Time: 00:07:16

Health: -3/82      AC: 13    Str: 22    XL:     9   Next: 93%
Magic:  8/8        EV: 12    Int:  4    God:    Trog [****..]
Gold:   332        SH:  0    Dex: 13    Spells: 8/8 levels left

rFire    . . .     SeeInvis .   j - +2 war axe (flame)
rCold    . . .     Gourm    .   (no shield)
rNeg     . . .     Faith    .   s - +0 chain mail
rPois    .         Spirit   .   (helmet restricted)
rElec    .         Reflect  .   a - +0 cloak
rCorr    .         Harm     +   (no gloves)
MR       .....                  n - +0 pair of boots
Stlth    ..........             l - amulet of harm
HPRegen  0.23/turn              (no ring)
MPRegen  0.11/turn              (no ring)

@: berserk cooldown
A: retaliatory headbutt, horns 2
a: Berserk, Trog's Hand, Brothers in Arms, Renounce Religion


You were on level 8 of the Dungeon.
You worshipped Trog.
Trog was greatly pleased with you.
You were not hungry.

You visited 1 branch of the dungeon, and saw 8 of its levels.

You collected 332 gold pieces.

Inventory:

Hand Weapons
 j - a +2 war axe of flaming (weapon)
Armour
 a - a +0 cloak (worn)
 n - a +0 pair of boots (worn)
 s - a +0 chain mail (worn)
Jewellery
 l - an amulet of harm (around neck)
 w - the amulet of Bonwaofurph {+Rage Slay+2, unknown}
   (You took it off a centaur on level 6 of the Dungeon)

   [amulet of rage]

   It affects your accuracy and damage with ranged weapons and melee attacks
   (+2).
   It lets you go berserk.
 x - an uncursed ring of resist corrosion {unknown}
Wands
 q - a wand of flame (47)
 B - a wand of acid (10)
 C - a wand of digging (12)
Scrolls
 d - 8 scrolls of teleportation {unknown}
 f - 2 scrolls of noise {unknown}
 g - 5 scrolls of identify {unknown}
 i - 4 scrolls of fog {unknown}
 m - 3 scrolls of fear {unknown}
 o - 2 scrolls of blinking {unknown}
 u - a scroll of enchant armour {unknown}
 v - 2 scrolls of summoning {unknown}
 y - a scroll of immolation {unknown}
 A - 2 scrolls of remove curse {unknown}
 D - a scroll of random uselessness {unknown}
 E - a scroll of magic mapping {unknown}
Potions
 e - 2 potions of lignification {unknown}
 h - 2 potions of cancellation {unknown}
 k - 5 potions of curing {unknown}
 p - a potion of might {unknown}
 r - a potion of haste {unknown}
 t - 2 potions of heal wounds {unknown}
 z - a potion of degeneration {unknown}
Comestibles
 b - 7 chunks of flesh
 c - 13 rations


   Skills:
 + Level 8.5 Fighting
 * Level 11.2 Axes
 + Level 8.0 Armour
 + Level 7.3 Dodging


You had 8 spell levels left.
You didn't know any spells.
Your spell library was empty.

Dungeon Overview and Level Annotations

Branches:
Dungeon (8/15)             Temple (0/1) D:5
   Lair: D:8-11

Altars:
Cheibriados
Dithmenos
Makhleb
Ru
Trog
Vehumet
Yredelemnul

Shops:
D:6 %


Innate Abilities, Weirdness & Mutations

You reflexively headbutt those who attack you in melee.
You have a pair of horns on your head.


Message History

You feel yourself speed up.
The two-headed ogre hits you but does no damage.
The two-headed ogre hits you with a dire flail!
You slash the two-headed ogre! You burn the two-headed ogre.
You headbutt the two-headed ogre.
The two-headed ogre is heavily wounded.
The two-headed ogre hits you with a giant spiked club!!
* * * LOW HITPOINT WARNING * * *
The two-headed ogre hits you but does no damage.
You are too injured to fight recklessly!
You're still recovering from your berserk rage.
You slash the two-headed ogre! You burn the two-headed ogre.
The two-headed ogre is severely wounded.
Your chain mail prevents you from hitting the two-headed ogre.
You headbutt the two-headed ogre!
The two-headed ogre is almost dead.
The two-headed ogre hits you with a giant spiked club!
* * * LOW HITPOINT WARNING * * *
The two-headed ogre hits you with a dire flail.
You die...

##### ##
##...##
..##.....##
...(......## #
#####
≈..........##..
.....
≈.............#
#####
≈......O.....#
≈.#....@..##.#
.........###.#
(..##...####.#
. #.....##.#
#.###.##.#
#.###.##.#
#........#
#####.####
##..#


You could see a two-headed ogre.

Vanquished Creatures
  A hydra (D:7)
  The ghost of flinch the Digger, a novice OpEE of Dithmenos (D:6)
  Grum (D:8)
  2 ice beasts
  2 phantoms
  4 wolves (D:8)
  3 ogres
  2 centaurs
  6 bullfrogs
  4 wights (D:7)
  A howler monkey (D:4)
  A crimson imp (D:7)
  A hound (D:6)
  A bullfrog zombie (D:6)
  A bullfrog skeleton (D:7)
  5 orc priests
  Crazy Yiuf (D:3)
  4 orc wizards
  A centaur skeleton (D:4)
  Terence (D:3)
  Jessica (D:3)
  An iguana (D:4)
  5 worker ants
  A hound zombie (D:6)
  A howler monkey zombie (D:5)
  4 gnolls (D:2)
  7 adders
  2 shadow imps (D:6)
  2 adder skeletons
  A worm (D:5)
  5 dart slugs
  3 leopard geckos
  22 orcs
  2 ball pythons
  2 giant cockroaches
  12 hobgoblins
  10 jackals
  8 kobolds
  2 quokkas
  A ball python skeleton (D:4)
  10 bats
  2 frilled lizards
  A giant cockroach zombie (D:4)
  11 goblins
  A leopard gecko skeleton (D:6)
  2 quokka skeletons
  4 rats
166 creatures vanquished.

Notes
Turn   | Place    | Note
-------+----------+-------------------------------------------
     0 | D:1      | Mirvelgyr the Minotaur Berserker began the quest for the Orb.
     0 | D:1      | Reached XP level 1. HP: 19/19 MP: 0/0
   391 | D:1      | Reached XP level 2. HP: 24/27 MP: 1/1
   393 | D:1      | Reached skill level 4 in Axes
   830 | D:1      | Reached XP level 3. HP: 18/33 MP: 2/2
  1118 | D:2      | Reached XP level 4. HP: 20/40 MP: 3/3
  1135 | D:2      | HP: 2/40 [dart slug/slug dart (3)]
  1137 | D:2      | Reached ** piety under Trog
  1597 | D:2      | Reached skill level 5 in Axes
  1917 | D:3      | Found a bloodstained altar of Trog.
  2150 | D:3      | Noticed Jessica
  2154 | D:3      | Killed Jessica
  2154 | D:3      | Reached XP level 5. HP: 47/47 MP: 4/4
  2197 | D:3      | Reached XP level 6. HP: 30/55 MP: 5/5
  2313 | D:3      | Found a runed door.
  2418 | D:3      | Noticed Crazy Yiuf
  2421 | D:3      | Killed Crazy Yiuf
  2421 | D:3      | Reached skill level 6 in Axes
  2578 | D:3      | Noticed Terence
  2583 | D:3      | Killed Terence
  2848 | D:4      | Reached skill level 5 in Fighting
  3633 | D:5      | Entered Level 5 of the Dungeon
  3734 | D:5      | Reached XP level 7. HP: 61/61 MP: 6/6
  3761 | D:5      | Reached *** piety under Trog
  3771 | D:5      | Reached skill level 7 in Axes
  3777 | D:5      | Reached skill level 5 in Armour
  3885 | D:5      | Reached skill level 5 in Dodging
  3973 | D:5      | Reached XP level 8. HP: 69/70 MP: 7/7
  4043 | D:5      | Found a sacrificial altar of Ru.
  4044 | D:5      | Found a burning altar of Makhleb.
  4044 | D:5      | Found a radiant altar of Vehumet.
  4044 | D:5      | Found a shadowy altar of Dithmenos.
  4051 | D:5      | Found a snail-covered altar of Cheibriados.
  4056 | D:5      | Found a basalt altar of Yredelemnul.
  4090 | D:5      | Found a staircase to the Ecumenical Temple.
  4093 | D:5      | Found a faded altar of an unknown god.
  4306 | D:6      | Reached skill level 8 in Axes
  4534 | D:6      | Got a vibrating ruby amulet
  4548 | D:6      | Found a runed door.
  4551 | D:6      | Found Ziofriwk's Food Shop.
  4561 | D:6      | Noticed flinch's ghost (novice OpEE)
  4581 | D:6      | Killed flinch's ghost
  4581 | D:6      | Reached skill level 9 in Axes
  4621 | D:6      | Reached **** piety under Trog
  4649 | D:6      | Reached XP level 9. HP: 60/79 MP: 8/8
  4775 | D:7      | Reached skill level 10 in Axes
  4996 | D:7      | Noticed a seven-headed hydra
  5003 | D:7      | Killed a four-headed hydra
  5494 | D:8      | Noticed Grum
  5498 | D:8      | Reached skill level 11 in Axes
  5502 | D:8      | Killed Grum
  5534 | D:8      | Noticed a two-headed ogre
  5539 | D:8      | HP: 4/82 [two-headed ogre/giant spiked club (19)]
  5539 | D:8      | Slain by a two-headed ogre

Vault maps used:
D:1:      dpeg_arrival_morbid_curiosity
D:3:      bloody_trog, first_ration, uniq_jessica, uniq_terence,
          uniq_crazy_yiuf_cottage
D:4:      minmay_misc_feat_rugged
D:5:      minmay_overflow_temple_hex, nicolae_temple_entry_ecumenical,
          corexii_hall_statues_i
D:6:      serial_shops, nicolae_shop_behind_doors, ebering_ghost_sewer_d
D:8:      minmay_lair_entry_lava, uniq_grum, uniq_harold

Skill      XL: |  1  2  3  4  5  6  7  8  9 |
---------------+----------------------------+-----
Axes           | 4 5 6 7 9 11 | 11.2
Fighting       | 4 5 6 7 8 |  8.5
Armour         | 3 4 5 6 8 |  8.0
Dodging        | 3 4 5 6 7 |  7.3

Action                   |  1- 3 |  4- 6 |  7- 9 || total
-------------------------+-------+-------+-------++-------
Melee: Hand axe          |    65 |    24 |       ||    89
       Headbutt          |     6 |    12 |    33 ||    51
       War axe           |       |    59 |   159 ||   218
Invok: Berserk           |     1 |     1 |     3 ||     5
       Trog's Hand       |       |       |     1 ||     1
 Stab: Sleeping          |     1 |     1 |       ||     2
       Distracted        |     1 |       |       ||     1
  Eat: Chunk             |     1 |     8 |    10 ||    19
Armor: Animal skin       |    19 |     8 |       ||    27
       Chain mail        |       |    20 |    79 ||    99
Dodge: Dodged            |    49 |    53 |    86 ||   188

Table legend:
 A = Spawn XP
 B = Non-spawn XP
 C = Spawn XP percentage of total XP
 D = Spawn monster count
 E = Non-spawn monster count
 F = Spawn count percentage of total count
 G = Total turns spent on level
                    A         B        C        D         E        F      G
               +---------+---------+-------+---------+---------+-------+---------
         Total |       0 |    5347 |   0.0 |       0 |     166 |   0.0 |  5539
               +---------+---------+-------+---------+---------+-------+---------
           D:1 |       0 |      41 |   0.0 |       0 |      22 |   0.0 |   894
           D:2 |       0 |     113 |   0.0 |       0 |      27 |   0.0 |   989
           D:3 |       0 |     328 |   0.0 |       0 |      26 |   0.0 |   934
           D:4 |       0 |     177 |   0.0 |       0 |      10 |   0.0 |   816
           D:5 |       0 |     772 |   0.0 |       0 |      22 |   0.0 |   667
           D:6 |       0 |    1566 |   0.0 |       0 |      30 |   0.0 |   463
           D:7 |       0 |    1701 |   0.0 |       0 |      24 |   0.0 |   651
           D:8 |       0 |     649 |   0.0 |       0 |       5 |   0.0 |   125
               +---------+---------+-------+---------+---------+-------+---------
